AoeStats
← ZZZ1

African Clearing

510624383Analyzed
4v4 RM · 5h ago on Oct 1, 2026· 40m 12s· 8 players
Game mode
Random Map
Map size
Large (8 player)
Population
200
Speed
Normal
Resources
Standard
Victory
Conquest
Starting age
Dark Age
Ending age
Imperial Age
RankedLock teamsTeams togetherTeam positionsShared explorationLock speedFull tech treeHidden civsTurbo modeCheats
Victory
Defeat
🇨🇦 Saracens · Canada
1245
+11
1184
+14
🇫🇷 Italians · France
1180
+14
🇨🇴 Malians · Colombia
1151
+15
🇧🇷 Persians · Brazil
1245
-18
🇹🇼 Franks · Taiwan
1120
-13
🇺🇸 Mongols · United States
1098
-12
🇨🇳 Cumans · China
1073
-11
balgaro
5:37 Loom
14:53 Feudal Age
15:52 Double-Bit Axe
18:42 Castle Age
16:39 Horse Collar
21:47 Stone Mining
23:20 Wheelbarrow
30:34 Gold Mining
33:04 Husbandry
33:15 Bloodlines
34:14 Forging
36:10 Bow Saw
37:23 Hand Cart
37:46 Iron Casting
38:25 Heavy Plow
40:01 Scale Barding Armor
Choucha Boy
4:11 Loom
16:13 Feudal Age
16:56 Double-Bit Axe
16:53 Horse Collar
21:56 Castle Age
22:04 Gold Mining
CTM | Kiara
6:42 Loom
15:27 Feudal Age
19:38 Castle Age
18:55 Double-Bit Axe
22:38 Wheelbarrow
23:23 Scale Mail Armor
24:29 Chain Mail Armor
27:23 Forging
27:15 Squires
30:37 Imperial Age
30:02 Iron Casting
29:46 Horse Collar
31:29 Hand Cart
31:10 Elite Gbeto
32:11 Conscription
33:30 Plate Mail Armor
33:12 Town Watch
33:54 Arson
38:21 Tigui
Pte. psiquiatrico en pañales
4:26 Loom
13:53 Feudal Age
19:27 Castle Age
19:23 Double-Bit Axe
20:07 Forging
20:05 Scale Barding Armor
20:20 Bow Saw
28:52 Gold Mining
Boom into GG
7:48 Loom
14:09 Feudal Age
23:05 Castle Age
ZZZ1
15:03 Feudal Age
20:33 Castle Age
20:30 Double-Bit Axe
开局一片田
HAHA
4:20 Loom
14:23 Feudal Age
19:58 Castle Age
18:38 Double-Bit Axe
20:38 Bloodlines
21:48 Bow Saw
24:56 Town Watch
28:43 Horse Collar
31:18 Wheelbarrow
31:22 Fletching
36:00 Imperial Age
38:52 Bodkin Arrow
Connection lost

Rejoining the realm…

Still unreachable

The connection could not be restored.

Session expired

The server has moved on; the page needs a fresh start.